 Dungeon Crawl Stone Soup version 0.22-a0-412-g2b68d144a4 (webtiles) character file.

49 Kriby the Ruffian (level 3, -6/36 HPs)
             Began as a Troll Monk on May 12, 2018.
             Shot with an arrow by a centaur (11 damage)
             ... on level 3 of the Dungeon.
             The game lasted 00:00:48 (793 turns).

Kriby the Ruffian (Troll Monk)                       Turns: 793, Time: 00:00:48

Health: -6/36      AC:  5    Str: 20    XL:     3   Next: 53%
Magic:  2/2        EV: 10    Int:  6    God:
Gold:   27         SH:  0    Dex: 12    Spells: 2/2 levels left

rFire    . . .     SeeInvis .     - Unarmed
rCold    + . .     Gourm    +   (no shield)
rNeg     . . .     Faith    .   a - +0 robe
rPois    .         Spirit   .   (helmet restricted)
rElec    .         Reflect  .   (no cloak)
rCorr    .         Harm     .   (gloves unavailable)
MR       .....                  (boots unavailable)
Stlth    ++........             (no amulet)
HPRegen  0.52/turn              g - ring of protection from cold
MPRegen  0.08/turn              (no ring)

@: no status effects
A: large, unfitting armour, claws 3, fast metabolism 3, gourmand, regeneration
1, shaggy fur 1, tough skin 2
a: no special abilities


You were on level 3 of the Dungeon.
You were completely stuffed.

You visited 1 branch of the dungeon, and saw 3 of its levels.

You collected 27 gold pieces.

Inventory:

Armour
 a - a +0 robe (worn)
Jewellery
 g - a ring of protection from cold (left claw)
Scrolls
 c - a scroll of enchant weapon {unknown}
 d - a scroll of random uselessness {unknown}
 h - a scroll of identify {unknown}
Potions
 e - a potion of flight {unknown}
 f - a potion of degeneration {unknown}
Comestibles
 b - 6 rations


   Skills:
 + Level 2.9 Fighting
 - Level 2.4 Dodging
 - Level 1.0 Stealth
 * Level 4.1 Unarmed Combat


You had 2 spell levels left.
You didn't know any spells.
Your spell library was empty.

Dungeon Overview and Level Annotations

Branches:
Dungeon (3/15)

Altars:


Innate Abilities, Weirdness & Mutations

You are too large for most types of armour.
You have claws for hands.
Your metabolism is lightning-fast.
You like to eat raw meat.
Your natural rate of healing is unusually fast.
You are covered in fur. (AC +1)
You have very tough skin. (AC +2)


Message History

You barely miss the hobgoblin.
The hobgoblin hits you but does no damage.
You claw the hobgoblin!
You kill the hobgoblin!
The orc priest hits you but does no damage.
Things that are here:
a club; an arrow; a hobgoblin corpse You scratch the orc priest.
The orc priest is moderately wounded.
The orc priest hits you with a whip.
You scratch the orc priest.
The orc priest is heavily wounded.
The centaur shoots an arrow.
The arrow hits you.
The orc priest mumbles some strange prayers to Beogh against you.
Beogh smites you!
* * * LOW HITPOINT WARNING * * *
You scratch the orc priest but do no damage.
The orc priest is heavily wounded.
The centaur shoots an arrow.
The arrow hits you!
You die...

...##...##
o..#.%...##
#.........##
...........#
#......)..# #..†(.#
##.(.##############
#...#o............#
#.#.#@###########.#
#.#.#.# #.# # #.c.#
####.# .......
..##.# ....##..##
#.##.# .## #..#
#.##.# #..# #.##.#
#..########(##.#
#..............#


You could see a centaur and an orc priest.

Vanquished Creatures
  An adder (D:2)
  A dart slug (D:2)
  A leopard gecko (D:1)
  An orc (D:3)
  3 giant cockroaches
  5 goblins
  7 hobgoblins
  4 jackals (D:2)
  4 kobolds
  A bat (D:1)
  2 rats (D:1)
30 creatures vanquished.

Vanquished Creatures (others)
  A giant cockroach (D:2)
1 creature vanquished.

Grand Total: 31 creatures vanquished

Notes
Turn   | Place    | Note
-------+----------+-------------------------------------------
     0 | D:1      | Kriby the Troll Monk began the quest for the Orb.
     0 | D:1      | Reached XP level 1. HP: 22/22 MP: 0/0
   106 | D:1      | Reached XP level 2. HP: 29/29 MP: 1/1
   527 | D:2      | Reached XP level 3. HP: 34/36 MP: 2/2
   660 | D:2      | Reached skill level 4 in Unarmed Combat
   776 | D:3      | Noticed a centaur
   793 | D:3      | Shot with an arrow by a centaur

Vault maps used:
D:1:      nzn_arrival_water_spiral, minmay_misc_feat_iff
D:2:      lemuel_old_faithful
D:3:      lemuel_coloured_pillars_altar, nicolae_overflow_hidden_temple

Skill      XL: |  1  2  3 |
---------------+----------+-----
Unarmed Combat | 4 |  4.1
Fighting       | |  2.9
Dodging        | |  2.4
Stealth        | |  1.0

Action                   || total
-------------------------++-------
Melee: Unarmed           ||    78
 Stab: Sleeping          ||     2
  Eat: Chunk             ||    13
Armor: Robe              ||    31
Dodge: Dodged            ||    31

Table legend:
 A = Spawn XP
 B = Non-spawn XP
 C = Spawn XP percentage of total XP
 D = Spawn monster count
 E = Non-spawn monster count
 F = Spawn count percentage of total count
 G = Total turns spent on level
                    A         B        C        D         E        F      G
               +---------+---------+-------+---------+---------+-------+---------
         Total |       0 |      71 |   0.0 |       0 |      30 |   0.0 |   793
               +---------+---------+-------+---------+---------+-------+---------
           D:1 |       0 |      22 |   0.0 |       0 |      12 |   0.0 |   317
           D:2 |       0 |      40 |   0.0 |       0 |      14 |   0.0 |   415
           D:3 |       0 |       9 |   0.0 |       0 |       4 |   0.0 |    61
               +---------+---------+-------+---------+---------+-------+---------
